 Dungeon Crawl Stone Soup version 0.20.1-1-g8b1a95d66d (webtiles) character file.

651 drwem the Cleaver (level 7, -4/91 HPs)
             Began as a Minotaur Berserker on Dec 11, 2017.
             Was a Priest of Trog.
             Killed from afar by Ijyb (21 damage)
             ... with a wand of acid (?/15)
             ... on level 5 of the Dungeon.
             The game lasted 00:21:52 (3260 turns).

drwem the Cleaver (Minotaur Berserker)              Turns: 3260, Time: 00:21:53

Health: -4/91      AC:  3    Str: 29    XL:     7   Next: 28%
Magic:  6/6        EV: 12    Int:  4    God:    Trog [***...]
Gold:   204        SH:  0    Dex:  9    Spells: 6/6 levels left

rFire    . . .     SeeInvis .   a - +0 hand axe
rCold    . . .     Gourm    .   (no shield)
rNeg     . . .     Faith    .   w - +0 ring mail
rPois    +         Spirit   .   (helmet restricted)
rElec    .         Reflect  .   n - +1 cloak {rPois}
rCorr    .         Harm     .   (no gloves)
MR       .....                  (no boots)
Stlth    ..........             (no amulet)
Regen    0.3/turn               (no ring)
MPRegen  0.1/turn               (no ring)

@: berserking, corroded, very quick
A: retaliatory headbutt, horns 2
a: Berserk, Trog's Hand, Burn Spellbooks, Renounce Religion


You were on level 5 of the Dungeon.
You worshipped Trog.
Trog was most pleased with you.
You were hungry.

You visited 1 branch of the dungeon, and saw 5 of its levels.

You collected 204 gold pieces.

Inventory:

Hand Weapons
 a - a +0 hand axe (weapon)
Armour
 b - a +0 animal skin
 n - a +1 cloak of poison resistance (worn)
 w - a +0 ring mail (worn)
Jewellery
 q - an uncursed ring of stealth {unknown}
Scrolls
 e - a scroll of teleportation
 g - 2 scrolls of amnesia
 h - a scroll of identify {unknown}
 i - a scroll of fog {unknown}
 l - a scroll of fear
 o - a scroll of magic mapping {unknown}
 r - a scroll of enchant armour {unknown}
 s - a scroll of immolation {unknown}
Potions
 d - a potion of heal wounds {unknown}
 j - a potion of invisibility {unknown}
 k - 2 potions of curing {unknown}
 m - 3 potions of brilliance {unknown}
 t - a potion of mutation {unknown}
 u - a potion of might {unknown}
Comestibles
 c - 3 bread rations
 f - 4 meat rations
 p - 2 royal jellies
 v - 3 chunks of flesh


   Skills:
 + Level 5.3 Fighting
 * Level 8.2 Axes
 + Level 3.2 Armour
 + Level 3.8 Dodging
 - Level 1.0 Stealth


You had 6 spell levels left.
You didn't know any spells.

Dungeon Overview and Level Annotations

Branches:
Dungeon (5/15)
 Temple: D:4-7

Altars:

Annotations:
D:5 Ijyb


Innate Abilities, Weirdness & Mutations

You reflexively headbutt those who attack you in melee.
You have a pair of horns on your head.


Message History

Ijyb barely misses you.
Your ring mail prevents you from hitting Ijyb.
You headbutt Ijyb!
Ijyb is heavily wounded.
You closely miss Ijyb. You headbutt Ijyb, but do no damage.
Ijyb is heavily wounded.
Ijyb zaps a wand.
The bolt of acid hits you! The acid corrodes you!
You are splashed with acid!
The acid burns!
* * * LOW HITPOINT WARNING * * *
There is a stone staircase leading up here.
A red film seems to cover your vision as you go berserk!
You feel yourself moving faster!
You feel mighty!
You are feeling hungry.
Ijyb hits you.
* * * LOW HITPOINT WARNING * * *
Unknown command.
You closely miss Ijyb.
Ijyb is heavily wounded.
Ijyb zaps a wand.
The bolt of acid hits you!
You die...

#...# ..
#...# ...
##...#
....#....#
....#....##
..........#
..........#
#...@..#
#...g..#
#......#
#...?...#
#........#
....?.....#
...........#
#######.....
#####..


You could see Ijyb.

Vanquished Creatures
  A phantom (D:4)
  A water moccasin zombie (D:5)
  A scorpion (D:4)
  A crimson imp (D:4)
  Crazy Yiuf (D:2)
  An orc priest (D:3)
  A hound (D:4)
  An iguana (D:4)
  3 orc wizards
  A worker ant (D:4)
  7 gnolls
  3 adders
  An ooze (D:2)
  2 worms (D:4)
  3 dart slugs
  5 leopard geckos
  12 orcs
  A ball python (D:3)
  A giant cockroach (D:2)
  5 goblins
  6 hobgoblins
  6 jackals
  7 kobolds
  2 quokkas
  8 bats
  11 frilled lizards
  A quokka skeleton (D:4)
  7 rats
100 creatures vanquished.

Notes
Turn   | Place    | Note
-------+----------+-------------------------------------------
     0 | D:1      | drwem the Minotaur Berserker began the quest for the Orb.
     0 | D:1      | Reached XP level 1. HP: 19/19 MP: 0/0
   392 | D:1      | Reached skill level 4 in Axes
   392 | D:1      | Reached XP level 2. HP: 27/27 MP: 1/1
   900 | D:2      | Reached XP level 3. HP: 30/33 MP: 2/2
   913 | D:2      | Found a runed door.
  1106 | D:2      | Reached ** piety under Trog
  1529 | D:2      | Noticed Crazy Yiuf
  1534 | D:2      | Killed Crazy Yiuf
  1534 | D:2      | Reached skill level 5 in Axes
  1534 | D:2      | Reached XP level 4. HP: 41/41 MP: 3/3
  1810 | D:3      | Reached XP level 5. HP: 47/47 MP: 4/4
  1813 | D:3      | Reached skill level 6 in Axes
  2191 | D:4      | Reached skill level 5 in Fighting
  2255 | D:4      | Noticed a phantom
  2294 | D:4      | Killed a phantom
  2294 | D:4      | Reached XP level 6. HP: 46/56 MP: 5/5
  2335 | D:4      | Reached skill level 7 in Axes
  2482 | D:4      | Reached *** piety under Trog
  2781 | D:4      | Reached XP level 7. HP: 61/61 MP: 6/6
  2958 | D:4      | Reached skill level 1 in Stealth
  3102 | D:4      | Reached skill level 8 in Axes
  3245 | D:5      | Entered Level 5 of the Dungeon
  3245 | D:5      | Noticed Ijyb
  3260 | D:5      | Killed from afar by Ijyb

Skill      XL: |  1  2  3  4  5  6  7 |
---------------+----------------------+-----
Axes           | 4 5 6 7 8 |  8.2
Fighting       | 4 5 |  5.3
Dodging        | 3 |  3.8
Armour         | 3 |  3.2
Stealth        | 1 |  1.0

Action                   |  1- 3 |  4- 6 |  7- 9 || total
-------------------------+-------+-------+-------++-------
Melee: Hand axe          |    76 |    98 |    49 ||   223
       Headbutt          |     9 |    20 |    10 ||    39
Invok: Berserk           |     2 |     4 |     1 ||     7
       Trog's Hand       |       |     1 |       ||     1
  Use: Scroll            |       |       |     3 ||     3
  Eat: Chunk             |     3 |     8 |     3 ||    14
Armor: Animal skin       |    11 |     4 |       ||    15
       Leather armour    |       |    18 |    12 ||    30
       Ring mail         |       |       |     1 ||     1
Dodge: Dodged            |    56 |    78 |    27 ||   161
